 Dungeon Crawl Stone Soup version 0.31-a0-1352-gc98d92de7d (webtiles) character file.

Game seed: 8290126720695369873

1288 mopl the Apothecary (level 8, -5/46 HPs)
             Began as an Octopode Alchemist on Dec 22, 2023.
             Slain by Pikel
             ... wielding a +2 whip of freezing
              (6 damage)
             ... on level 5 of the Dungeon.
             The game lasted 00:09:19 (4860 turns).

mopl the Apothecary (Octopode Alchemist)            Turns: 4860, Time: 00:09:20

Health: -5/46      AC:  1    Str:  7    XL:     8   Next: 55%
Magic:  3/15       EV: 13    Int: 19    God:
Gold:   301        SH:  0    Dex: 13    Spells: 6/17 levels left

rFire   . . .        a - staff of alchemy
rCold   . . .        (no shield)
rNeg    . . .        (helmet restricted)
rPois   +            (no amulet)
rElec   .            h - ring of poison resistance
rCorr   .            t - ring of see invisible
SInv    +            (no ring)
Will    .....        (no ring)
Stlth   +++          (no ring)
HPRegen 0.27/turn    (no ring)
MPRegen 0.14/turn    (no ring)
                     (no ring)

%: no passive effects
@: hasted, very quick
A: almost no armour, amphibious, 8 rings, camouflage 1, gelatinous body 1,
(nimble swimmer 1), tentacles
a: no special abilities


You were on level 5 of the Dungeon.
You visited 1 branch of the dungeon, and saw 5 of its levels.
You also visited: Sewer.

You collected 344 gold pieces.
You spent 43 gold pieces at shops.

Inventory:

Hand Weapons
 k - a +0 short sword of protection
Missiles
 p - 7 poisoned darts
 A - 4 boomerangs
Armour
 u - a +0 buckler
Magical Staves
 a - a staff of alchemy (weapon)
Jewellery
 h - a ring of poison resistance (left tentacle)
 t - a ring of see invisible (right tentacle)
Wands
 w - a wand of iceblast (3)
 D - a wand of flame (22)
Scrolls
 b - 3 scrolls of fog {unknown}
 c - 3 scrolls of identify {unknown}
 e - a scroll of vulnerability {unknown}
 f - 3 scrolls of immolation {unknown}
 m - a scroll of fear {unknown}
 q - a scroll of teleportation {unknown}
 r - a scroll of amnesia {unknown}
 s - 2 scrolls of enchant armour {unknown}
 x - a scroll of revelation {unknown}
 y - a scroll of summoning {unknown}
 B - a scroll of silence {unknown}
 C - a scroll of blinking {unknown}
Potions
 d - a potion of brilliance {unknown}
 g - a potion of degeneration {unknown}
 i - 4 potions of haste
 j - a potion of curing {unknown}
 l - 2 potions of mutation {unknown}
 n - 3 potions of heal wounds
 o - 2 potions of invisibility {unknown}
 v - 2 potions of magic
 z - 2 potions of lignification {unknown}


   Skills:
 - Level 2.0 Dodging
 - Level 2.6 Stealth
 + Level 3.2 Shields
 + Level 5.0 Spellcasting
 + Level 5.0 Conjurations
 + Level 6.4 Alchemy
 + Level 3.4 Evocations


You had 6 spell levels left.
You knew the following spells:

 Your Spells              Type           Power      Damage    Failure   Level
a - Sting                 Conj/Alch      100%       1d9       1%          1
b - Mercury Vapours       Alch/Air       50%        N/A       4%          2
d - Sticky Flame          Fire/Alch      25%        2d6       32%         4
o - Olgreb's Toxic Radia  Alch           43%        N/A       9%          4

Your spell library contained the following spells:

 Spells                   Type           Power      Damage    Failure   Level
 Mephitic Cloud           Conj/Alch/Air  28%        N/A       8%          3
 Summon Small Mammal      Summ           16%        N/A       12%         1
 Hailstorm                Conj/Ice       14%        3d6       13%         3
 Call Canine Familiar     Summ           4%         N/A       36%         3
 Summon Guardian Golem    Hex/Summ       4%         N/A       36%         3
 Summon Ice Beast         Ice/Summ       4%         N/A       77%         4
 Simulacrum               Ice/Necr       2%         N/A       100%        6


Dungeon Overview and Level Annotations

Branches:
Dungeon (5/15)              Sewer (visited)
 Temple: D:4-7

Altars:
Cheibriados
Qazlal

Shops:
D:1 [   D:3 *

Annotations:
D:5 Pikel


Innate Abilities, Weirdness & Mutations

You cannot wear most types of armour.
You are amphibious.
You can wear up to eight rings at the same time.
Your skin changes colour to match your surroundings (Stealth+).
Your rubbery body absorbs attacks. (AC +1, EV +1)
((You are camouflaged when in or above water. (Stealth+)))
You have tentacles for arms and can constrict up to eight enemies at once.


Message History

Confirm with . or Enter, or press ? or * to list all spells.
Aiming: Mercury Vapours (safe; 4% risk of failure)
Press: ? - help, Dir - move target, f - lemure
Aim: a lemure (moderately wounded, very poisoned, chance to weaken: 94%)
Okay, then.
Casting: Mercury Vapours (safe; 4% risk of failure)
Confirm with . or Enter, or press ? or * to list all spells.
Aiming: Mercury Vapours (safe; 4% risk of failure)
Press: ? - help, Dir - move target, f - Pikel
Aim: Pikel, wielding a +2 whip of freezing and wearing a +0 robe (poisoned, chance to weaken: 80%) Out of range.
Okay, then.
Unknown command.
The lemure looks even sicker.
Okay, then.
A lemure comes into view.
Casting: Mercury Vapours (safe; 4% risk of failure)
Confirm with . or Enter, or press ? or * to list all spells.
Aiming: Mercury Vapours (safe; 4% risk of failure)
Press: ? - help, Dir - move target You feel a surge of power!
Fumes of mercury billow through the air!
The lemure looks weaker.
The lemure is poisoned.
The sentinel's mark upon you fades away.
Your toxic aura wanes.
Unknown command.
Unknown command.
Unknown command.
Casting: Mercury Vapours (safe; 4% risk of failure)
Confirm with . or Enter, or press ? or * to list all spells.
Okay, then.
The lemure hits you. The lemure attacks as it pursues you!
The lemure barely misses you. The lemure hits you.
The lemure looks more healthy.
Pikel hits you with a +2 whip of freezing!
* * * LOW HITPOINT WARNING * * *
Pikel freezes you.
You die...
Pikel says, "Another soul for the market."

###########..#
#....
........÷....#
#....
######...###.#
#....
######...#...#
#....
)##.....##.########
#####
)##.##.....##...5.#
.##.##..#####...5.#
.##.##..#####..K..#
.##.)...#...'.5.@.#
#######.#.###.....#
#.#.# #†##### #.#.#
#.# #.#.# #.# #.#.#
..# #.#.#(###
#...#. #####


You could see Pikel (poisoned) and 3 lemures.

Vanquished Creatures
  Edmund (D:4)
  Menkaure (D:5)
  A water moccasin (D:5)
  Duvessa (D:5)
  Pargi (Sewer)
  2 brain worms (Sewer)
  A scorpion (D:5)
  Dowan (D:5)
  A jelly (D:5)
  Crazy Yiuf (D:4)
  2 orc priests
  3 hounds
  3 iguanas
  Ijyb (D:4)
  A gnoll (D:4)
  8 adders
  3 bombardier beetles
  A worm (D:4)
  2 dart slugs
  7 orcs
  3 bats
  6 endoplasms
  5 giant cockroaches
  9 hobgoblins
  A jackal (D:4)
  4 quokkas
  10 ball pythons
  8 frilled lizards
  6 goblins
  9 kobolds
  5 rats
108 creatures vanquished.

Notes
Turn   | Place    | Note
-------+----------+-------------------------------------------
     0 | D:1      | mopl the Octopode Alchemist began the quest for the Orb.
     0 | D:1      | Reached XP level 1. HP: 11/11 MP: 3/3
   154 | D:1      | Reached XP level 2. HP: 17/17 MP: 1/5
   167 | D:1      | Learned a level 2 spell: Mercury Vapours
   232 | D:1      | Found Ehaxodgh's Antique Armour Shop.
   540 | D:1      | Reached XP level 3. HP: 17/21 MP: 4/6
  1338 | D:3      | Reached skill level 2 in Conjurations
  1368 | D:3      | Found a glowing drain.
  1372 | Sewer    | Entered a sewer
  1449 | Sewer    | Reached skill level 4 in Alchemy
  1449 | Sewer    | Reached XP level 4. HP: 27/27 MP: 8/8
  1449 | Sewer    | Noticed a brain worm
  1456 | Sewer    | Learned a level 4 spell: Olgreb's Toxic Radiance
  1462 | Sewer    | Noticed Pargi
  1473 | Sewer    | Killed a brain worm
  1474 | Sewer    | Reached skill level 3 in Spellcasting
  1474 | Sewer    | Reached XP level 5. HP: 7/31 MP: 0/9
  1583 | Sewer    | Killed Pargi
  1584 | Sewer    | Reached skill level 3 in Conjurations
  1684 | Sewer    | Reached skill level 5 in Alchemy
  1684 | Sewer    | Reached XP level 6. HP: 36/36 MP: 4/11
  1811 | D:3      | Learned a level 4 spell: Sticky Flame
  1981 | D:3      | Found Bisupt's Assorted Antiques.
  1992 | D:3      | Bought a scroll labelled CEZAECWE NOIJU for 23 gold pieces
  1992 | D:3      | Bought a blue potion for 20 gold pieces
  2673 | D:4      | Noticed Ijyb
  2678 | D:4      | Killed Ijyb
  2722 | D:4      | Found a runed translucent door.
  2723 | D:4      | Noticed Crazy Yiuf
  2819 | D:4      | Noticed a steam dragon
  2959 | D:4      | Reached skill level 4 in Spellcasting
  3242 | D:4      | Reached skill level 1 in Evocations
  3242 | D:4      | Reached XP level 7. HP: 37/41 MP: 7/13
  3312 | D:4      | Reached skill level 1 in Shields
  3446 | D:4      | Reached skill level 4 in Conjurations
  3457 | D:4      | Noticed Edmund
  3532 | D:4      | Killed Edmund
  3607 | D:4      | Reached skill level 2 in Evocations
  3615 | D:4      | Found a snail-covered altar of Cheibriados.
  3615 | D:4      | Found a stormy altar of Qazlal.
  3829 | D:4      | Killed Crazy Yiuf
  3927 | D:5      | Entered Level 5 of the Dungeon
  3948 | D:5      | Reached skill level 2 in Shields
  4129 | D:5      | Reached XP level 8. HP: 46/46 MP: 6/14
  4155 | D:5      | Reached skill level 6 in Alchemy
  4177 | D:5      | Noticed Duvessa
  4177 | D:5      | Noticed Dowan
  4191 | D:5      | Killed Dowan
  4236 | D:5      | Killed Duvessa
  4237 | D:5      | Reached skill level 3 in Evocations
  4823 | D:5      | Noticed Menkaure
  4831 | D:5      | Killed Menkaure
  4832 | D:5      | Reached skill level 3 in Shields
  4832 | D:5      | Reached skill level 5 in Spellcasting
  4832 | D:5      | Reached skill level 5 in Conjurations
  4835 | D:5      | HP: 1/46 [poisoned by a scorpion]
  4849 | D:5      | Noticed Pikel
  4860 | D:5      | HP: 1/46 [Pikel/+2 whip of freezing (14)]
  4860 | D:5      | Slain by Pikel

Illustrated notes

Levels and vault maps discovered:
D:1:      amcnicky_arrival_abandoned_market, layout_loops_ring, serial_shops,
          nicolae_shop_rolling_square, st_stairs_5, chequers_avenue,
          chequers_mini_garden, moated_statue, minivault_27,
          grunt_decor_resistance
D:2:      layout_rooms, kennysheep_crisscross
D:3:      layout_loops_corners, gup_sewer_entry_bowl, serial_shops,
          nicolae_shop_tiny_glass, dreamdust_princess_bridge, st_stairs_2
D:4:      minmay_spotlight, layout_gridville, jmf_multi_god_temple,
          hangedman_decor_opposing, minmay_strange_pillars,
          lightli_corner_chamber, uniq_edmund, uniq_crazy_yiuf_cottage,
          uniq_ijyb
D:5:      layout_basic, nicolae_yredelemnul_corpse_copse, uniq_pikel,
          uniq_duvessa, uniq_menkaure

Skill      XL: |  1  2  3  4  5  6  7  8 |
---------------+-------------------------+-----
Conjurations   | 2 3 4 5 |  5.0
Alchemy        | 4 5 6 |  6.4
Spellcasting   | 3 4 5 |  5.0
Evocations     | 1 2 3 |  3.4
Shields        | 2 3 |  3.2
Dodging        | |  2.0
Stealth        | |  2.6

Action                     |  1- 3 |  4- 6 |  7- 9 || total
---------------------------+-------+-------+-------++-------
  Melee: Unarmed           |    40 |       |       ||    40
         Tentacles         |    13 |     3 |     2 ||    18
         Constrict         |    20 |     3 |     5 ||    28
         Punch             |     1 |     1 |       ||     2
         Short sword       |    22 |    19 |       ||    41
         Staff             |       |     3 |     8 ||    11
   Cast: Sting             |    39 |    60 |    54 ||   153
         Olgreb's Toxic Ra |       |     6 |     9 ||    15
         Sticky Flame      |       |       |     2 ||     2
         Mercury Vapours   |       |       |     1 ||     1
  Evoke: Wand              |       |       |     3 ||     3
    Use: Potion            |       |       |     2 ||     2
   Stab: Sleeping          |     1 |     1 |     1 ||     3
 Armour: Skin              |    23 |    20 |    23 ||    66
  Dodge: Dodged            |    37 |    19 |    16 ||    72
  Block: Buckler           |       |     1 |     3 ||     4

Table legend: (Time is in decaauts)
 A = Elapsed time spent in this place.
 B = Non-inter-level travel time spent in this place.
 C = Inter-level travel time spent in this place.
 D = Time resting spent in this place.
 E = Time spent auto-exploring this place.
 F = Levels seen in this place.
 G = Mean time per level.
                   A        B        C        D        E       F      G
               +--------+--------+--------+--------+--------+-----+--------+
         Total |   4852 |   4698 |    154 |    744 |   3031 |   6 |  808.7 |
       Dungeon |   4419 |   4265 |    154 |    599 |   2889 |   5 |  883.8 |
         Sewer |    432 |    432 |      0 |    145 |    142 |   1 |  432.0 |
               +--------+--------+--------+--------+--------+-----+--------+

Top non-repeatable levels by time:
     D:4: 1274 daAuts
     D:5: 925 daAuts
     D:1: 893 daAuts
     D:3: 892 daAuts
     D:2: 434 daAuts
   Sewer: 432 daAuts
